 Dungeon Crawl Stone Soup version 0.26-a0-646-g5d7718319a (webtiles) character file.

Game seed: 18138734236690173484

270 DogServant the Charlatan (level 6, 0/38 HPs)
             Began as a Kobold Artificer on Sept 24, 2020.
             Slain by Natasha (9 damage)
             ... on level 2 of the Dungeon.
             The game lasted 00:06:52 (4438 turns).

DogServant the Charlatan (Kobold Artificer)         Turns: 4438, Time: 00:06:53

Health: 0/38       AC:  6    Str:  9    XL:     6   Next: 46%
Magic:  6/6        EV: 15    Int: 13    God:
Gold:   99         SH:  0    Dex: 17    Spells: 5/5 levels left

rFire    . . .     SeeInvis .   m - +0 hunting sling
rCold    . . .     Faith    .   (shield restricted)
rNeg     . . .     Spirit   .   o - +3 leather armour
rPois    .         Reflect  .   (no helmet)
rElec    .         Harm     .   (no cloak)
rCorr    .         Rampage  .   (no gloves)
MR       .....                  (no boots)
Stlth    +++.......             (no amulet)
HPRegen  0.12/turn              (no ring)
MPRegen  0.10/turn              (no ring)

@: slowed, very slow
A: small, nightstalker 3
a: no special abilities


You were on level 2 of the Dungeon.
You visited 1 branch of the dungeon, and saw 3 of its levels.

You collected 99 gold pieces.

Inventory:

Hand Weapons
 l - a +2 dagger of pain
 m - a +0 hunting sling (weapon)
Missiles
 g - 12 poisoned darts
 i - 67 arrows
 n - 45 sling bullets (quivered)
 p - 8 curare-tipped darts
Armour
 b - a +0 leather armour
 o - a +3 leather armour (worn)
Jewellery
 q - an uncursed ring of fire
 x - an uncursed ring of poison resistance
 y - an uncursed ring of fire
Wands
 c - a wand of flame (2)
 d - a wand of enslavement (14)
 e - a wand of random effects (14)
 u - a wand of polymorph (8)
Scrolls
 f - 8 scrolls of identify {unknown}
 k - 3 scrolls of immolation {unknown}
 r - a scroll of teleportation {unknown}
 s - a scroll of magic mapping {unknown}
 t - a scroll of remove curse {unknown}
 v - a scroll of fog {unknown}
 w - a scroll of random uselessness {unknown}
 B - a scroll of blinking {unknown}
Potions
 j - 2 potions of degeneration {unknown}
 z - a potion of flight {unknown}
 A - a potion of heal wounds {unknown}


   Skills:
 + Level 3.7 Fighting
 + Level 2.9 Throwing
 - Level 0.7 Armour
 - Level 3.0 Dodging
 - Level 2.4 Stealth
 + Level 5.4 Evocations


You had 5 spell levels left.
You didn't know any spells.
Your spell library was empty.

Dungeon Overview and Level Annotations

Branches:
Dungeon (3/15)

Altars:
Trog

Annotations:
D:2 Natasha


Innate Abilities, Weirdness & Mutations

You are small and have problems with some larger weapons.
You are completely attuned to the shadows.


Message History

Natasha is almost dead.
Natasha closely misses you. The white imp misses you.
Natasha claws you but does no damage. The white imp completely misses you.
Firing (i - inventory. (/) - cycle)
n - 47 sling bullets (quivered)
Press: ? - help, Shift-Dir - straight line, f/p - Natasha
Aim: Natasha (almost dead)
You shoot a sling bullet.
The sling bullet hits Natasha but does no damage.
Natasha is almost dead.
Natasha claws you but does no damage. The white imp gestures at you.
The puff of frost hits you.
* * * LOW HITPOINT WARNING * * *
Firing (i - inventory. (/) - cycle)
n - 46 sling bullets (quivered)
Press: ? - help, Shift-Dir - straight line, f/p - Natasha
Aim: Natasha (almost dead)
You shoot a sling bullet.
The sling bullet completely misses Natasha.
Natasha claws you!
You die...

.))# #.# #.# ##.## #.#
.### #.###.# #..# #.#
.# #.....# ##.## #.# <#
####### #..# #.# ##
##.###.# #))##)#
##)##.#
##############.[#.#
##.......@h..(...#.#
#.....###(5........#
#...#..##...<(.....#
.##.##...((.......# ##
#.8.##.(.........#
##.####.####........#>#
#..#.#.###.#...)....#.#
#.#.⌠.###.⌠.#.......#.#
#..#.###.#.#.......##.#


You could see Natasha and a white imp (summoned).

Vanquished Creatures
  An orc priest (D:2)
  2 orc wizards
  Natasha (twice) (D:2)
  A worker ant (D:2)
  2 adders
  An ooze (D:3)
  A worm (D:2)
  4 dart slugs
  4 leopard geckos
  4 orcs
  A ball python (D:2)
  5 bats
  5 giant cockroaches
  6 goblins
  10 hobgoblins
  A quokka (D:3)
  4 frilled lizards
  A jackal skeleton (D:2)
  8 kobolds
  7 rats
70 creatures vanquished.

Vanquished Creatures (collateral kills)
  A hobgoblin (D:2)
1 creature vanquished.

Vanquished Creatures (others)
  An adder (D:2)
1 creature vanquished.

Grand Total: 72 creatures vanquished

Notes
Turn   | Place    | Note
-------+----------+-------------------------------------------
     0 | D:1      | DogServant the Kobold Artificer began the quest for the
                  | Orb.
     0 | D:1      | Reached XP level 1. HP: 12/12 MP: 1/1
   253 | D:1      | Reached XP level 2. HP: 16/16 MP: 2/2
   525 | D:1      | Reached skill level 4 in Evocations
   525 | D:1      | Reached XP level 3. HP: 21/21 MP: 3/3
  1276 | D:2      | Found a bloodstained altar of Trog.
  2102 | D:3      | Reached XP level 4. HP: 26/26 MP: 4/4
  2650 | D:3      | Reached skill level 1 in Throwing
  2662 | D:3      | Reached XP level 5. HP: 12/31 MP: 5/5
  3419 | D:2      | Noticed Natasha
  3428 | D:2      | Killed Natasha
  3428 | D:2      | Reached skill level 5 in Evocations
  4028 | D:2      | Reached XP level 6. HP: 37/37 MP: 6/6
  4381 | D:2      | Noticed Natasha
  4389 | D:2      | Killed Natasha
  4417 | D:2      | Noticed Natasha
  4438 | D:2      | Slain by Natasha

Illustrated notes

Levels and vault maps discovered:
D:1:      giann_wishing_wells, layout_basic, minmay_misc_feat_room
D:2:      layout_basic, grunt_decor_mini_mirrors, bloody_trog, uniq_natasha
D:3:      layout_basic

Skill      XL: |  1  2  3  4  5 |
---------------+----------------+-----
Stealth        | 2 |  2.4
Evocations     | 4 5 |  5.4
Dodging        | 3 |  3.0
Fighting       | 2 3 |  3.7
Throwing       | 1 2 |  2.9
Armour         | |  0.7

Action                   |  1- 3 |  4- 6 || total
-------------------------+-------+-------++-------
Melee: Club              |    10 |       ||    10
       Dagger            |   100 |    95 ||   195
 Fire: Hunting sling     |       |    72 ||    72
Evoke: Wand              |     4 |    11 ||    15
  Use: Potion            |       |     2 ||     2
 Stab: Sleeping          |    20 |     5 ||    25
Armor: Leather armour    |    23 |    24 ||    47
Dodge: Dodged            |    78 |   103 ||   181

Table legend: (Time is in decaauts)
 A = Elapsed time spent in this place.
 B = Non-inter-level travel time spent in this place.
 C = Inter-level travel time spent in this place.
 D = Time resting spent in this place.
 E = Time spent auto-exploring this place.
 F = Levels seen in this place.
 G = Mean time per level.
                   A        B        C        D        E       F      G
               +--------+--------+--------+--------+--------+-----+--------+
         Total |   4451 |   4297 |    154 |    836 |   2876 |   3 | 1483.7 |
       Dungeon |   4451 |   4297 |    154 |    836 |   2876 |   3 | 1483.7 |
               +--------+--------+--------+--------+--------+-----+--------+

Top non-repeatable levels by time:
     D:2: 1666 daAuts
     D:1: 1398 daAuts
     D:3: 1386 daAuts
